 Dungeon Crawl Stone Soup version 0.20-a0-1101-g1de9d76 (webtiles) character file.

242381 Lochraine the Sorcerer (level 18, -11/110 HPs)
             Began as a Deep Elf Fire Elementalist on May 4, 2017.
             Was a High Priest of Sif Muna.
             Blown up by a spellforged servitor (65 damage)
             ... with an orb of destruction
             ... summoned by the player character
             ... on level 1 of the Vaults on May 5, 2017.
             The game lasted 03:47:39 (56265 turns).

Lochraine the Sorcerer (DEFE)                      Turns: 56265, Time: 03:47:40

Health: -11/110    AC: 15    Str:  4 (6)  XL:     18   Next: 67%
Magic:  1/45       EV: 27    Int: 30 (33) God:    Sif Muna [*****.]
Gold:   1182       SH:  0    Dex: 19 (20) Spells: 2/59 levels left

rFire    + . .     SeeInvis +   a - +6 hand crossbow of Rur Ucai {flame, Int+7 Dex+5}
rCold    + + .     Gourm    .   (no shield)
rNeg     . . .     Faith    .   k - +4 robe of Ysokae {rPois rC+ Int-4}
rPois    +         Spirit   .   Y - +3 crown of Dyrovepreva {rElec Int+2 SInv}
rElec    +         Reflect  .   K - scarf {rC+ rF+}
rCorr    .         Harm     .   h - +2 pair of gloves
MR       +....                  g - +2 pair of boots
Stlth    ++........             W - amulet of magic regeneration
Regen    0.3/turn               i - ring of wizardry
MPRegen  0.5/turn               M - +4 ring of evasion

@: lethally poisoned (-11 -> -12), no casting
A: deterioration 1
}: 2/15 runes: barnacled, gossamer
a: Stop Divine Energy, Channel Magic, Forget Spell, Renounce Religion


You were on level 1 of the Vaults.
You worshipped Sif Muna.
Sif Muna was extremely pleased with you.
You were full.

You visited 7 branches of the dungeon, and saw 33 of its levels.
You also visited: Bailey.

You collected 2856 gold pieces.
You spent 1674 gold pieces at shops.

Inventory:

Hand Weapons
 a - the +6 hand crossbow of Rur Ucai (weapon) {flame, Int+7 Dex+5}
   (You found it on level 11 of the Dungeon)

   It causes projectiles fired from it to burn those they strike, causing extra
   injury to most foes and up to half again as much damage against particularly
   susceptible opponents.
   It affects your intelligence (+7).
   It affects your dexterity (+5).
Missiles
 Z - 40 bolts (quivered)
Armour
 g - a +2 pair of boots (worn)
 h - a +2 pair of gloves (worn)
 k - the +4 robe of Ysokae (worn) {rPois rC+ Int-4}
   (You found it on level 2 of the Spider Nest)

   It affects your intelligence (-4).
   It protects you from cold.
   It protects you from poison.
 K - a scarf of resistance (worn)
 Y - the +3 crown of Dyrovepreva (worn) {rElec Int+2 SInv}
   (You found it on level 5 of the Lair of Beasts)

   It affects your intelligence (+2).
   It insulates you from electricity.
   It lets you see invisible.
Magical Staves
 b - an uncursed staff of power
 I - an uncursed staff of wizardry
 J - an uncursed staff of energy
Jewellery
 i - a ring of wizardry (left hand)
 j - an uncursed ring of protection from magic
 q - an uncursed ring of flight
 H - a +4 amulet of reflection
 M - a +4 ring of evasion (right hand)
 O - an uncursed ring of resist corrosion
 U - the ring "Xuke" {rF- Slay+3 SInv Stlth-}
   (You found it on level 10 of the Dungeon)

   [ring of loudness]

   It affects your accuracy and damage with ranged weapons and melee attacks
   (+3).
   It makes you vulnerable to fire.
   It lets you see invisible.
   It makes you less stealthy.
 W - an amulet of magic regeneration (around neck)
Wands
 e - a wand of scattershot (7/9)
 l - a wand of acid (3/15)
 p - a wand of enslavement (11/24)
 F - a wand of paralysis (13/24)
 Q - a wand of iceblast (7/15)
 T - a wand of lightning (6/15)
Scrolls
 m - 4 scrolls of blinking
 n - 3 scrolls of fear
 r - 7 scrolls of recharging
 s - 12 scrolls of identify
 u - 8 scrolls of enchant armour
 w - 8 scrolls of teleportation
 E - a scroll of magic mapping
 G - 10 scrolls of remove curse
 V - 4 scrolls of immolation
Potions
 f - 5 potions of lignification
 t - 2 potions of heal wounds
 v - 3 potions of ambrosia
 x - 11 potions of brilliance
 y - 6 potions of curing
 z - 2 potions of magic
 A - 5 potions of resistance
 B - a potion of berserk rage
 C - 4 potions of agility
 D - 7 potions of haste
 R - 7 potions of flight
Books
 N - Sif Muna's Guide on Companions
   (Sif Muna gifted it to you on level 2 of the Spider Nest)

   Spells                             Type                      Level
   a - Summon Butterflies             Summoning                    1
   b - Aura of Abjuration             Summoning                    5
   c - Summon Horrible Things         Summoning                    8
 P - Puaryclu's Handbook of Creative Enchantment
   (Sif Muna gifted it to you on level 2 of the Spider Nest)

   Spells                             Type                      Level
   a - Confusing Touch                Hexes                        1
   b - Silence                        Hexes/Air                    5
   c - Invisibility                   Hexes                        6
   d - Monstrous Menagerie            Summoning                    7
   e - Summon Horrible Things         Summoning                    8
 X - Sif Muna's Grimoire of Confrontation
   (Sif Muna gifted it to you on level 6 of the Lair of Beasts)

   Spells                             Type                      Level
   a - Searing Ray                    Conjuration                  2
   b - Stone Arrow                    Conjuration/Earth            3
   c - Dazzling Spray                 Conjuration/Hexes            3
   d - Iskenderun's Mystic Blast      Conjuration                  4
   e - Fireball                       Conjuration/Fire             5
   f - Iskenderun's Battlesphere      Conjuration/Charms           5
   g - Lightning Bolt                 Conjuration/Air              5
   h - Fire Storm                     Conjuration/Fire             9
Miscellaneous
 o - a fan of gales
 S - a lamp of fire
Comestibles
 c - 14 bread rations
 d - 43 fruits


   Skills:
 + Level 11.5 Fighting
 - Level 7.9 Crossbows
 + Level 13.2 Dodging
 - Level 2.4 Stealth
 * Level 21.1 Spellcasting
 - Level 12.9 Conjurations
 - Level 4.1 Hexes
 - Level 6.4 Charms
 + Level 12.9 Summonings
 - Level 14.2 Fire Magic
 - Level 2.1 Ice Magic
 - Level 8.4 Invocations


You had 2 spell levels left.
You knew the following spells:

 Your Spells              Type           Power        Failure   Level  Hunger
a - Bolt of Fire          Conj/Fire      #######...   1%          6    None
b - Monstrous Menagerie   Summ           #######...   1%          7    ###....
c - Spellforged Servitor  Conj/Summ      #######...   1%          7    ###....
d - Sticky Flame          Conj/Fire      #######.     1%          4    None
e - Fireball              Conj/Fire      #######...   1%          5    None
f - Inner Flame           Hex/Fire       ######..     1%          3    None
g - Summon Butterflies    Summ           #######.     0%          1    None
h - Conjure Flame         Conj/Fire      #######.     0%          3    None
i - Cause Fear            Hex            ######....   1%          4    None
j - Swiftness             Chrm/Air       ######..     1%          2    None
r - Orb of Destruction    Conj           #######...   1%          7    ###....
v - Summon Mana Viper     Hex/Summ       ######..     1%          5    None
x - Ozocubu's Armour      Chrm/Ice       ######..     1%          3    None


Dungeon Overview and Level Annotations

Branches:
Dungeon (15/15)            Temple (1/1) D:7            Lair (6/6) D:11
 Shoals (4/4) Lair:3       Spider (4/4) Lair:3        Slime (0/5) Lair:6
    Orc (2/2) D:12            Elf (0/3) Orc:2        Vaults (1/5) D:13
 Depths (0/5) D:15

Altars:
Ashenzari
Cheibriados
Dithmenos
Elyvilon
Fedhas
Gozag
Hepliaklqana
Kikubaaqudgha
Makhleb
Nemelex Xobeh
Okawaru
Qazlal
Ru
Sif Muna
Trog
Uskayaw
Vehumet
Wu Jian
Xom
Yredelemnul
Zin
The Shining One

Shops:
Orc:1 [   Orc:2 [(!!   Shoals:1 :

Annotations:
D:3 Grinder
Lair:3 1 exclusion


Innate Abilities, Weirdness & Mutations

Your body sometimes deteriorates upon taking damage.


Message History

The ogre mage points at you and mumbles some strange words.
The bolt of fire misses you. The wizard hits you but does no damage.
You are poisoned.
Casting: Monstrous Menagerie
Confirm with . or Enter, or press ? or * to list all spells.
You summon a manticore!
Sif Muna grants you divine energy.
You briefly lose access to your magic!
You feel sick. The ogre mage completely misses you.
Your spellforged servitor conjures a glowing orb.
The wizard casts a spell at you. The stone arrow hits you!
Your body deteriorates!
You feel weakened.
Your manticore flicks its tail.
The volley of spikes hits the two-headed ogre.
The two-headed ogre dies!
Sif Muna accepts your kill. The ogre mage misses you.
The orb of destruction hits you!
Ouch! That really hurt!
You die...

##########+##
#...........#
#...........#
#...........#
#.....@H....#
#....p§H....#
#....OO.....#
#....∩8)....#
#.....(.....#
#...........#
######'######
).. .)...


You could see an ogre mage, a wizard (invisible), an ogre, a friendly
spellforged servitor and 2 friendly manticores.

Vanquished Creatures
  Kirke (Spider:2)
  A ghost moth (Spider:4)
  Aizul (Shoals:1)
  An orc warlord (Orc:1)
  2 emperor scorpions
  An ironheart preserver (Vaults:1)
  2 entropy weavers
  A spark wasp (Spider:4)
  2 merfolk javelineers
  10 merfolk impalers
  Fannar (D:10)
  8 vault guards
  Erolcha (D:11)
  4 hydras
  5 merfolk aquamancers
  A merfolk avatar (Shoals:4)
  3 catoblepae (Lair:6)
  7 centaur warriors
  A dancing weapon (Orc:2)
  9 death yaks
  A satyr (Shoals:4)
  5 two-headed ogres
  6 orc high priests (Orc:2)
  Sonja (D:11)
  12 sea snakes
  A skeletal warrior (D:14)
  2 unseen horrors
  A kraken simulacrum (Shoals:4)
  A lindwurm (shapeshifter) (D:15)
  8 orc knights
  16 orb spiders
  A lindwurm (Lair:6)
  A deep elf mage (D:15)
  22 harpies
  2 ugly things (D:15)
  An orc sorcerer (Orc:1)
  5 cyclopes
  24 wolf spiders
  11 manticores
  3 fauns
  3 moths of wrath
  A faun (shapeshifter) (D:15)
  10 merfolk sirens
  5 centaur zombies
  4 black mambas
  12 elephants
  9 water nymphs
  A spiny frog (shapeshifter) (D:15)
  2 torpor snails
  14 komodo dragons
  3 rime drakes
  18 spiny frogs
  A freezing wraith (Vaults:1)
  15 demonic crawlers
  A harpy zombie (D:14)
  8 trolls
  22 merfolk
  3 meliai (Spider:4)
  30 jumping spiders
  2 polar bears
  4 wind drakes
  2 queen bees
  15 slime creatures
  A wind drake (shapeshifter) (D:14)
  12 blink frogs (Lair:6)
  3 hornets
  11 snapping turtles
  A hippogriff (shapeshifter) (D:14)
  9 hippogriffs
  9 dream sheep
  27 tarantellas
  94 redbacks
  2 wraiths (D:15)
  A shadow (D:13)
  47 yaks
  4 water elementals
  3 wyverns
  6 basilisks
  3 hungry ghosts
  2 hogs (Spider:2)
  Grum (D:11)
  2 wargs (Orc:1)
  A water moccasin (shapeshifter) (D:15)
  An acid dragon (D:13)
  13 water moccasins
  9 porcupines
  6 black bears
  An ice beast (D:10)
  47 orc warriors
  7 sky beasts
  2 phantoms
  2 necrophages
  14 wolves
  8 ogres
  17 centaurs
  4 big kobolds
  15 crocodiles
  19 bullfrogs
  3 wyvern skeletons
  A hornet simulacrum (D:15)
  4 scorpions
  37 killer bees
  An electric eel (Lair:2)
  16 wights
  8 howler monkeys
  8 crimson imps
  2 bullfrog zombies
  8 hounds
  5 jellies
  A quasit (D:5)
  41 orc priests
  4 centaur skeletons
  3 bullfrog skeletons
  Terence (D:2)
  5 iguanas
  30 orc wizards
  Ijyb (D:3)
  12 worker ants
  A hound zombie (D:9)
  2 hound skeletons
  A howler monkey zombie (D:5)
  2 mummies (D:14)
  A worker ant zombie (D:9)
  12 gnolls
  15 adders
  4 shadow imps
  3 oozes
  An adder zombie (D:7)
  2 adder skeletons
  10 worms
  3 dart slugs
  8 leopard geckos
  88 orcs
  9 bats
  9 giant cockroaches
  8 goblins
  13 hobgoblins
  15 jackals
  6 quokkas
  5 frilled lizards
  26 kobolds
  A quokka zombie (D:5)
  6 rats
  A fungus (Lair:2)
  3 plants
1221 creatures vanquished.

Vanquished Creatures (collateral kills)
  Gastronok (Orc:1)
  Ilsuiw (Shoals:4)
  3 ghost moths (Spider:4)
  6 emperor scorpions (Spider:4)
  An entropy weaver (Spider:3)
  4 merfolk javelineers
  5 merfolk impalers
  3 alligator snapping turtles
  A catoblepas (Lair:6)
  3 merfolk aquamancers
  A two-headed ogre (Vaults:1)
  A satyr (Shoals:2)
  3 death yaks
  5 sea snakes
  A glowing orange brain (D:15)
  A harpy (Shoals:3)
  An ugly thing (D:15)
  3 orb spiders
  8 fauns (Shoals:2)
  2 moths of wrath (Spider:3)
  6 wolf spiders
  4 manticores
  5 merfolk sirens
  3 elephants
  2 torpor snails
  A water nymph (Shoals:2)
  A spiny frog (Lair:6)
  A komodo dragon (Lair:6)
  3 demonic crawlers
  A polar bear (Lair:3)
  2 wind drakes
  19 merfolk
  3 blink frogs (Lair:6)
  9 jumping spiders
  A hornet (Spider:3)
  3 dream sheep
  5 slime creatures (Vaults:1)
  3 hippogriffs
  3 snapping turtles
  11 redbacks
  6 tarantellas
  6 water elementals
  6 yaks (Lair:6)
  2 hogs (Spider:2)
  A warg (Orc:2)
  A porcupine (Lair:5)
  3 orc warriors
  An ogre (Orc:2)
  A centaur (Shoals:2)
  A crocodile (Lair:3)
  4 killer bees (Lair:3)
  5 orc priests
  An orc wizard (Orc:2)
  9 orcs
187 creatures vanquished.

Vanquished Creatures (others)
  An orc knight (Orc:2)
  A cyclops (D:14)
  A human (Spider:2)
  26 fungi
  25 plants
54 creatures vanquished.

Grand Total: 1462 creatures vanquished

Notes
Turn   | Place    | Note
-------+----------+-------------------------------------------
     0 | D:1      | Lochraine the Deep Elf Fire Elementalist began the quest for the Orb.
     0 | D:1      | Reached XP level 1. HP: 10/10 MP: 6/6
   235 | D:1      | Reached XP level 2. HP: 15/15 MP: 5/8
   265 | D:1      | Learned a level 2 spell: Throw Flame
  1215 | D:2      | Reached XP level 3. HP: 19/19 MP: 2/10
  1784 | D:2      | Reached skill level 4 in Spellcasting
  1784 | D:2      | Reached XP level 4. HP: 17/24 MP: 6/12
  1854 | D:2      | Learned a level 3 spell: Conjure Flame
  2145 | D:2      | Found an iron altar of Okawaru.
  3002 | D:3      | Found a hazy altar of Hepliaklqana.
  3024 | D:3      | Reached XP level 5. HP: 28/28 MP: 10/13
  3035 | D:3      | Learned a level 4 spell: Sticky Flame
  3071 | D:3      | Noticed Terence
  3098 | D:2      | Killed Terence
  3353 | D:3      | Reached skill level 5 in Spellcasting
  3405 | D:3      | Noticed Grinder
  4229 | D:3      | Noticed Ijyb
  4238 | D:3      | Killed Ijyb
  4238 | D:3      | Reached skill level 1 in Fighting
  4238 | D:3      | Reached XP level 6. HP: 34/34 MP: 1/15
  4993 | D:4      | Found a sparkling altar of Nemelex Xobeh.
  5180 | D:4      | Reached XP level 7. HP: 39/39 MP: 9/17
  5227 | D:4      | Reached skill level 6 in Spellcasting
  5526 | D:4      | Reached skill level 5 in Conjurations
  5988 | D:5      | Entered Level 5 of the Dungeon
  6258 | D:5      | Learned a level 5 spell: Fireball
  6441 | D:5      | Reached skill level 5 in Fire Magic
  7022 | D:5      | Reached XP level 8. HP: 45/45 MP: 3/20
  7425 | D:5      | Reached skill level 7 in Spellcasting
  8889 | D:6      | You fall through a shaft!
  9422 | D:7      | Reached XP level 9. HP: 42/52 MP: 13/22
  9731 | D:7      | Reached skill level 8 in Spellcasting
  9972 | D:7      | Found a staircase to the Ecumenical Temple.
  9980 | Temple   | Entered the Ecumenical Temple
 10149 | Temple   | Became a worshipper of Sif Muna the Loreminder
 10311 | D:8      | Found a flagged portal.
 10652 | Bailey   | Entered a bailey
 10868 | Bailey   | Noticed an orc knight
 10888 | Bailey   | Killed an orc knight
 10888 | Bailey   | Reached * piety under Sif Muna
 11004 | Bailey   | Found an iron altar of Okawaru.
 11018 | Bailey   | Got a warped great sword
 11095 | D:8      | Noticed a two-headed ogre
 11100 | D:8      | Noticed a two-headed ogre
 11130 | D:8      | Killed a two-headed ogre
 11130 | D:8      | Reached skill level 5 in Fighting
 11130 | D:8      | Reached skill level 9 in Spellcasting
 11132 | D:8      | Killed a two-headed ogre
 11132 | D:8      | Reached XP level 10. HP: 48/59 MP: 7/25
 11593 | D:8      | Identified the +2 great sword "Sealonk" {flame, SInv} (You found it in a bailey)
 12004 | D:9      | Reached ** piety under Sif Muna
 12375 | D:9      | Reached skill level 10 in Conjurations
 12619 | D:9      | Reached skill level 5 in Dodging
 12939 | D:9      | Noticed a seven-headed hydra
 13818 | D:9      | Killed a seven-headed hydra
 13818 | D:9      | Reached XP level 11. HP: 66/66 MP: 5/26
 14114 | D:9      | Reached *** piety under Sif Muna
 14634 | D:9      | Learned a level 3 spell: Inner Flame
 14635 | D:10     | Entered Level 10 of the Dungeon
 14768 | D:10     | Got a scorched silver ring
 14784 | D:10     | Identified the ring "Xuke" {rF- Slay+3 SInv Stlth-} (You found it on level 10 of the Dungeon)
 14804 | D:10     | Found a radiant altar of Vehumet.
 14907 | D:10     | Reached skill level 1 in Invocations
 15252 | D:10     | Noticed Fannar
 15265 | D:10     | Killed Fannar
 15824 | D:11     | Learned a level 1 spell: Summon Butterflies
 15838 | D:11     | Got a pitted hand crossbow
 15842 | D:11     | Identified the +6 hand crossbow of Rur Ucai {flame, Int+7 Dex+5} (You found it on level 11 of the Dungeon)
 15852 | D:11     | Noticed a two-headed ogre
 15859 | D:11     | Killed a two-headed ogre
 15859 | D:11     | Reached skill level 1 in Crossbows
 15859 | D:11     | Reached skill level 1 in Summonings
 15903 | D:11     | Noticed Grum
 15913 | D:11     | Killed Grum
 16909 | D:11     | Found a staircase to the Lair.
 16970 | D:11     | Noticed an unseen horror
 16972 | D:11     | Killed an unseen horror
 17186 | D:11     | Noticed Erolcha
 17209 | D:11     | Paralysed by Erolcha for 7 turns
 17217 | D:11     | Killed Erolcha
 17348 | D:11     | Noticed Sonja
 17350 | D:11     | Killed Sonja
 17350 | D:11     | Reached skill level 5 in Invocations
 17520 | Lair:1   | Entered Level 1 of the Lair of Beasts
 17631 | Lair:1   | Reached skill level 5 in Summonings
 17795 | Lair:1   | Reached XP level 12. HP: 62/71 MP: 15/27
 17796 | Lair:1   | Reached **** piety under Sif Muna
 18276 | Lair:1   | Reached skill level 10 in Spellcasting
 18568 | Lair:1   | Reached skill level 5 in Crossbows
 19057 | Lair:2   | Learned a level 4 spell: Summon Ice Beast
 20190 | Lair:2   | Reached skill level 11 in Spellcasting
 20821 | Lair:3   | Found a hole to the Spider Nest.
 20947 | Lair:3   | Reached skill level 1 in Hexes
 21089 | Lair:3   | Reached ***** piety under Sif Muna
 21211 | Lair:3   | Learned a level 3 spell: Ozocubu's Armour
 21250 | Lair:3   | Reached skill level 1 in Charms
 21267 | Lair:3   | Reached XP level 13. HP: 58/76 MP: 5/30
 21528 | Lair:3   | Learned a level 5 spell: Summon Mana Viper
 21967 | Lair:3   | Found a staircase to the Shoals.
 22564 | Lair:4   | Found a labyrinth entrance.
 22983 | Lair:3   | Identified Tushuari's Tome of Domination (Sif Muna gifted it to you on level 3 of the Lair of Beasts)
 22983 | Lair:3   | Received a gift from Sif Muna
 23018 | Lair:3   | Learned a level 4 spell: Cause Fear
 23490 | Lair:4   | Reached skill level 12 in Spellcasting
 23647 | Lair:5   | Reached skill level 5 in Charms
 24959 | Lair:6   | Entered Level 6 of the Lair of Beasts
 25784 | Lair:6   | Reached XP level 14. HP: 84/84 MP: 24/32
 26216 | Lair:5   | Learned a level 4 spell: Throw Icicle
 26242 | Lair:6   | Reached skill level 10 in Dodging
 26358 | Lair:6   | Reached skill level 1 in Ice Magic
 26410 | Lair:6   | Reached skill level 13 in Spellcasting
 26741 | Lair:6   | Identified Sif Muna's Grimoire of Confrontation (Sif Muna gifted it to you on level 6 of the Lair of Beasts)
 26741 | Lair:6   | Received a gift from Sif Muna
 27199 | Lair:6   | Found a staircase to the Slime Pits.
 27458 | Lair:6   | Reached skill level 10 in Fire Magic
 28240 | Lair:6   | Reached skill level 14 in Spellcasting
 28797 | D:11     | Learned a level 5 spell: Iskenderun's Battlesphere
 29934 | D:12     | Found a staircase to the Orcish Mines.
 30548 | D:13     | Found a gate to the Vaults.
 31228 | D:13     | Identified Kuruofem's Handbook of Heat and Ice (Sif Muna gifted it to you on level 13 of the Dungeon)
 31228 | D:13     | Received a gift from Sif Muna
 31468 | D:14     | Reached XP level 15. HP: 89/89 MP: 27/35
 33149 | D:15     | Entered Level 15 of the Dungeon
 34565 | D:15     | Found a staircase to the Depths.
 35219 | D:15     | Reached skill level 15 in Spellcasting
 35585 | Orc:1    | Entered Level 1 of the Orcish Mines
 35586 | Orc:1    | Noticed an orc warlord
 35592 | Orc:1    | Noticed Gastronok
 35597 | Orc:1    | Killed an orc warlord
 35607 | Orc:1    | Killed Gastronok
 35773 | Orc:1    | Found Bycheusm's Antique Armour Emporium.
 36091 | Orc:2    | Entered Level 2 of the Orcish Mines
 36122 | Orc:2    | Received a gift from Sif Muna
 36666 | Orc:2    | Found a staircase to the Elven Halls.
 37238 | Orc:1    | Learned a level 2 spell: Swiftness
 38418 | Orc:2    | Found Rupueg's Antique Armour Boutique.
 38418 | Orc:2    | Found Ceuwysiw's Distillery.
 38419 | Orc:2    | Found Kygg's Weapon Boutique.
 38419 | Orc:2    | Found Vath's Distillery.
 38429 | Orc:2    | Bought a potion of curing for 39 gold pieces
 38429 | Orc:2    | Bought a potion of curing for 39 gold pieces
 38429 | Orc:2    | Bought a potion of heal wounds for 65 gold pieces
 38429 | Orc:2    | Bought a potion of heal wounds for 65 gold pieces
 38430 | Orc:2    | Bought a potion of heal wounds for 70 gold pieces
 38430 | Orc:2    | Bought a potion of heal wounds for 70 gold pieces
 38430 | Orc:2    | Bought a potion of curing for 42 gold pieces
 38430 | Orc:2    | Bought a potion of haste for 140 gold pieces
 38430 | Orc:2    | Bought a potion of haste for 140 gold pieces
 38430 | Orc:2    | Bought a potion of curing for 42 gold pieces
 38430 | Orc:2    | Bought a potion of haste for 140 gold pieces
 38430 | Orc:2    | Bought a potion of brilliance for 56 gold pieces
 38431 | Orc:2    | Bought a potion of brilliance for 52 gold pieces
 38431 | Orc:2    | Bought a potion of curing for 39 gold pieces
 38773 | Lair:3   | Learned a level 6 spell: Bolt of Fire
 38778 | Spider:1 | Entered Level 1 of the Spider Nest
 38848 | Spider:1 | Reached XP level 16. HP: 96/97 MP: 17/37
 39375 | Spider:1 | Reached skill level 10 in Fighting
 40112 | Spider:1 | Reached skill level 16 in Spellcasting
 40561 | Spider:2 | Identified Sif Muna's Guide on Companions (Sif Muna gifted it to you on level 2 of the Spider Nest)
 40561 | Spider:2 | Received a gift from Sif Muna
 41173 | Shoals:1 | Entered Level 1 of the Shoals
 41181 | Shoals:1 | Noticed Aizul
 41188 | Shoals:1 | Killed Aizul
 42071 | Shoals:1 | Found Vooh Napu's Book Shoppe.
 42234 | Shoals:1 | Bought a book of Power for 675 gold pieces
 42248 | Shoals:1 | Learned a level 7 spell: Spellforged Servitor
 42528 | Shoals:2 | Got a serpentine lead ring
 42530 | Shoals:2 | Identified the ring of Kusisun {*Contam +Inv MR+++ Str+2 Int-4} (You found it on level 2 of the Shoals)
 42531 | Shoals:2 | Gained mutation: Your body sometimes deteriorates upon taking damage. [mutagenic glow]
 43921 | Shoals:2 | Reached skill level 10 in Summonings
 43984 | Shoals:2 | Reached skill level 17 in Spellcasting
 44457 | Shoals:3 | Identified Keofoun's Handbook of Excruciating Bewitchment (Sif Muna gifted it to you on level 3 of the Shoals)
 44457 | Shoals:3 | Received a gift from Sif Muna
 45562 | Shoals:4 | Entered Level 4 of the Shoals
 45566 | Shoals:4 | Reached XP level 17. HP: 102/102 MP: 30/40
 45578 | Shoals:4 | Noticed Ilsuiw
 46058 | Shoals:4 | Reached skill level 18 in Spellcasting
 46068 | Shoals:4 | Learned a level 7 spell: Orb of Destruction
 47267 | Shoals:4 | Identified Sif Muna's Reference Book on Supportive Confrontation (Sif Muna gifted it to you on level 4 of the Shoals)
 47267 | Shoals:4 | Received a gift from Sif Muna
 47542 | Shoals:4 | Killed Ilsuiw
 47993 | Shoals:4 | Got a barnacled rune of Zot
 49404 | Spider:2 | Reached skill level 19 in Spellcasting
 49782 | Spider:2 | Got a thick robe
 49794 | Spider:2 | Identified the +4 robe of Ysokae {rPois rC+ Int-4} (You found it on level 2 of the Spider Nest)
 49922 | Spider:2 | Noticed Kirke
 49933 | Spider:2 | Killed Kirke
 50584 | Spider:2 | Identified Puaryclu's Handbook of Creative Enchantment (Sif Muna gifted it to you on level 2 of the Spider Nest)
 50584 | Spider:2 | Received a gift from Sif Muna
 52041 | Spider:3 | Reached XP level 18. HP: 108/108 MP: 35/43
 52697 | Spider:4 | Entered Level 4 of the Spider Nest
 53139 | Spider:4 | Reached skill level 20 in Spellcasting
 53733 | Spider:4 | Identified Sif Muna's Tome of Poisoning and Confrontation (Sif Muna gifted it to you on level 4 of the Spider Nest)
 53733 | Spider:4 | Received a gift from Sif Muna
 54457 | Spider:4 | Learned a level 7 spell: Monstrous Menagerie
 54480 | Spider:4 | Got a gossamer rune of Zot
 55746 | Spider:4 | Reached skill level 21 in Spellcasting
 56054 | Vaults:1 | Entered Level 1 of the Vaults
 56265 | Vaults:1 | Blown up by a spellforged servitor

Vault maps used:
D:1:      dpeg_arrival_oval, hangedman_decor_riveting
D:2:      okawaru_trees_2
D:3:      nicolae_overflow_crystal_walls, uniq_ijyb, uniq_terence, uniq_grinder
D:4:      nemelex_diamond_rough_becter
D:5:      first_bread, guppyfry_early_orc_mine
D:6:      minivault_4
D:7:      minmay_temple_entry_enclosed_plants
D:8:      enter_bailey_8, blue_anna_alchemist, hangedman_abyss_or_decor_slice
D:9:      kennysheep_generic_room_4
D:10:     david_defended_altar_elf, uniq_fannar
D:11:     lair_entry_dummy, uniq_grum, uniq_erolcha, uniq_sonja
D:12:     david_orc_4
D:13:     erik_vaults_2
D:14:     serial_bayou_pond_c, serial_undead, serial_undead_e, serial_undead_b,
          serial_undead_f, serial_undead_d
D:15:     gammafunk_enter_depths_forms
Temple:   kilobyte_greek_temple
Lair:2:   special_room, serial_bayou_shore_a, grunt_megastairs_1
Lair:3:   regret_index_combs_of_tragedy, minmay_shoals_entry_hut,
          nicolae_spider_entry_non_spiders
Lair:4:   lab_entry_generic
Lair:5:   beast_lair_carwin_10, infiniplex_staircase_pool, lemuel_fruit_fields
Lair:6:   evilmike_catoblepas_cave, dpeg_slime_entry_corner
Shoals:1: serial_shops, nicolae_shop_statue_plus, abandoned_shop, uniq_aizul
Shoals:3: st_sunken_temple
Shoals:4: shoals_end_grunt_ice, shoal_ilsuiw, portal_ice_cave_entry_pillars_2
Spider:2: nicolae_spider_cling_ruins, uniq_kirke
Spider:4: grunt_spider_rune_circles
Orc:1:    serial_shops, shop, uniq_gastronok
Orc:2:    st_orc_pillars
Vaults:1: v_rooms_2, v_misc_15, hangedman_vaults_nails, hangedman_vaults_cutoff,
          nicolae_vaults_network_quinsquares, vaults_room_stairs_pillars,
          ontoclasm_vaults_shuriken
Bailey:   bailey_axe_3, bailey

Skill      XL: |  1  2  3  4  5  6  7  8  9 10 11 12 13 14 15 16 17 18 |
---------------+-------------------------------------------------------+-----
Conjurations   | 2 3 4 6 8 9 10 12 | 12.9
Dodging        | 3 6 7 8 9 10 12 13 | 13.2
Spellcasting   | 4 5 6 7 9 11 12 14 15 17 19 21 | 21.1
Fire Magic     | 4 5 6 8 9 11 12 13 14 | 14.2
Fighting       | 1 2 3 5 6 7 8 9 10 11 | 11.5
Invocations    | 5 6 8 |  8.4
Crossbows      | 4 6 7 |  7.9
Summonings     | 5 7 9 10 11 12 | 12.9
Hexes          | 2 4 |  4.1
Charms         | 1 5 6 |  6.4
Ice Magic      | 2 |  2.1
Stealth        | |  2.4

Action                   |  1- 3 |  4- 6 |  7- 9 | 10-12 | 13-15 | 16-18 || total
-------------------------+-------+-------+-------+-------+-------+-------++-------
Melee: Dagger            |     4 |       |     8 |     5 |       |       ||    17
       Hand axe          |       |    12 |       |       |       |       ||    12
       Halberd           |       |       |    29 |       |       |       ||    29
       Hunting sling     |       |       |     2 |       |       |       ||     2
       Short sword       |       |       |       |    68 |       |       ||    68
       Staff             |       |       |       |       |    55 |       ||    55
       Hand crossbow     |       |       |       |       |     1 |       ||     1
 Fire: Hunting sling     |       |   126 |   221 |   107 |       |       ||   454
       Hand crossbow     |       |       |       |   399 |   412 |   693 ||  1504
Throw: Javelin           |       |       |       |     1 |       |       ||     1
 Cast: Flame Tongue      |    52 |   109 |   138 |    86 |     7 |       ||   392
       Throw Flame       |    11 |    28 |    29 |   143 |   332 |    31 ||   574
       Conjure Flame     |       |    13 |    11 |    21 |     8 |     1 ||    54
       Sticky Flame      |       |       |    24 |    80 |   101 |     9 ||   214
       Fireball          |       |       |     7 |    30 |   129 |    27 ||   193
       Summon Ice Beast  |       |       |       |     6 |     2 |       ||     8
       Ozocubu's Armour  |       |       |       |     1 |     4 |     1 ||     6
       Inner Flame       |       |       |       |     1 |    13 |       ||    14
       Summon Mana Viper |       |       |       |       |    43 |    10 ||    53
       Cause Fear        |       |       |       |       |     2 |     1 ||     3
       Throw Icicle      |       |       |       |       |   227 |       ||   227
       Iskenderun's Batt |       |       |       |       |    37 |    13 ||    50
       Bolt of Fire      |       |       |       |       |     5 |   401 ||   406
       Summon Butterflie |       |       |       |       |     3 |       ||     3
       Swiftness         |       |       |       |       |     1 |       ||     1
       Spellforged Servi |       |       |       |       |       |    50 ||    50
       Orb of Destructio |       |       |       |       |       |    13 ||    13
       Monstrous Menager |       |       |       |       |       |     9 ||     9
Invok: Divine Energy     |       |       |       |       |     1 |       ||     1
       Channel Magic     |       |       |       |       |     3 |     1 ||     4
       Forget Spell      |       |       |       |       |       |     2 ||     2
 Abil: Evoke Flight      |       |       |       |       |       |     2 ||     2
Evoke: Wand              |       |       |     2 |     1 |     2 |     1 ||     6
       Lamp of fire      |       |       |       |     1 |       |       ||     1
  Use: Scroll            |       |     7 |     4 |    13 |    17 |    10 ||    51
       Potion            |       |       |     3 |       |     6 |     7 ||    16
  Eat: Chunk             |     3 |    10 |    19 |    23 |    34 |    25 ||   114
       Bread ration      |       |       |     1 |     1 |       |       ||     2
       Royal jelly       |       |       |       |     2 |     3 |     5 ||    10
       Meat ration       |       |       |       |     1 |     3 |     7 ||    11
       Fruit             |       |       |       |       |       |     1 ||     1
Armor: Robe              |     3 |    31 |    66 |    21 |     4 |   117 ||   242
       Troll leather arm |       |       |       |    80 |    80 |       ||   160
Dodge: Dodged            |    18 |    62 |   142 |   397 |   452 |   785 ||  1856
Block: Other             |       |       |       |       |    67 |    84 ||   151
       Reflection        |       |       |       |       |    10 |    10 ||    20
